 Dungeon Crawl Stone Soup version 0.29-a0-925-g0a7a3d12f8 (webtiles) character file.

Game seed: 12257627332655504215

1458 snetch the Magician (level 9, -2/57 HPs)
             Began as a Djinni Fire Elementalist on July 29, 2022.
             Was a Follower of Ashenzari.
             Slain by a gnoll sergeant
             ... wielding a +2 spear of flaming
              (3 damage)
             ... on level 6 of the Dungeon.
             The game lasted 00:21:17 (5571 turns).

snetch the Magician (Djinni Fire Elementalist)      Turns: 5571, Time: 00:21:17

Health: -2/57      AC:  7    Str: 10    XL:     9   Next: 5%
Gold:   341        EV: 12    Int: 22    God:    Ashenzari [*.....] SH:  3 Dex: 13

rFire   + + +      SeeInvis .   a - +0 dagger (elec)
rCold   . . .      Faith    .   o - +0 buckler
rNeg    + . .      Spirit   .   L - +2 robe {rC+}
rPois   ∞          Reflect  .   h - +1 helmet "I Knew You'd Do That" {rN+, Fort, Evo} (curse)
rElec   .          Harm     .   (no cloak)
rCorr   .          Rampage  .   F - +0 pair of gloves
Will    .....                   (boots unavailable)
Stlth   +++.......              (no amulet)
HPRegen 0.19/turn               f - ring of Ashenzari's Oracle {Contam rF+ Str+3 Slay+3 Stlth+, Evo, Melee} (curse)
MPRegen 0.00/turn               (no ring)

@: flying
A: sickness immunity, fire resistance 2, cold vulnerability 1, float, innate
caster, HP casting, extra vitality 1
a: Renounce Religion, Shatter the Chains


You were on level 6 of the Dungeon.
You worshipped Ashenzari.
Ashenzari was aware of your devotion.
You visited 1 branch of the dungeon, and saw 7 of its levels.
You also visited: Sewer.

You collected 341 gold pieces.

Inventory:

Hand Weapons
 a - a +0 dagger of electrocution (weapon)
 b - a +0 dagger of venom
 C - a +0 morningstar
 H - a +0 quarterstaff
Missiles
 g - 13 poisoned darts
 m - 43 stones
Armour
 e - a +0 chain mail
 h - the cursed +1 helmet "I Knew You'd Do That" (worn) {rN+, Fort, Evo}
   (You found it on level 3 of the Dungeon)

   rN:        It protects you from negative energy.
   It has a curse which improves the following skills: Fortitude: Armour and
   Shields.
   Evocations: Evocations.
 j - a +0 scale mail
 n - a +0 kite shield
 o - a +0 buckler (worn)
 x - the +1 leather armour of Pathos {Rampage rC- rN+ Stlth+}
   (You found it on level 6 of the Dungeon)

   rC:        It makes you vulnerable to cold.
   rN:        It protects you from negative energy.
   Rampage:   It bestows one free step when moving towards enemies.
   Stlth:     It makes you more stealthy.
 F - a +0 pair of gloves (worn)
 L - a +2 robe of cold resistance (worn)
Jewellery
 f - the cursed ring of Ashenzari's Oracle (left hand) {Contam rF+ Str+3 Slay+3 Stlth+, Evo, Melee}
   (You found it on level 3 of the Dungeon)

   [ring of protection from fire]

   Str:       It affects your strength (+3).
   Slay:      It affects your accuracy & damage with ranged weapons and melee
   (+3).
   rF:        It protects you from fire.
   Contam:    It causes magical contamination when unequipped.
   Stlth:     It makes you more stealthy.
   It has a curse which improves the following skills: Evocations: Evocations.
   Melee Combat: Short Blades, Long Blades, Axes, Maces & Flails, Polearms,
   Staves and Unarmed Combat.
Wands
 J - a wand of mindburst (12)
 K - a wand of flame (20)
Scrolls
 d - 2 scrolls of magic mapping
 i - 2 scrolls of summoning
 k - 3 scrolls of teleportation
 l - a scroll of blinking
 p - 3 scrolls of fog
 s - a scroll of vulnerability
 t - a scroll of fear
 u - 2 scrolls of enchant armour
 v - 2 scrolls of enchant weapon
 w - a scroll of brand weapon
 A - 2 scrolls of poison
Potions
 c - 3 potions of curing
 q - 2 potions of might
 r - a potion of lignification
 B - 3 potions of ambrosia
 D - a potion of heal wounds
 E - a potion of mutation
 G - a potion of brilliance
 I - a potion of cancellation


   Skills:
 + Level 1.2 Fighting
 - Level 1.0(1.5) Short Blades
 + Level 3.1(3.9) Armour
 + Level 2.9 Dodging
 + Level 3.2 Stealth
 + Level 0.3(0.6) Shields
 + Level 7.3 Spellcasting


You couldn't memorise any spells.
You knew the following spells:

 Your Spells              Type           Power      Damage    Failure   Level
a - Foxfire               Conj/Fire      100%       2x1d9     1%          1
b - Scorch                Fire           80%        2d9       1%          2
c - Conjure Flame         Conj/Fire      40%        6-21      1%          3
d - Inner Flame           Hex/Fire       40%        N/A       1%          3
e - Flame Wave            Conj/Fire      40%        2d11      5%          4
f - Shock                 Conj/Air       100%       1d9       1%          1
g - Call Imp              Summ           40%        N/A       1%          2
h - Spider Form           Tmut/Pois      40%        N/A       1%          3
i - Animate Armour        Summ/Erth      80%        N/A       5%          4
Your spell library was empty.

Dungeon Overview and Level Annotations

Branches:
Dungeon (7/15)              Sewer (visited)
 Temple: D:4-7

Altars:
Ashenzari
Gozag
Qazlal


Innate Abilities, Weirdness & Mutations

You are immune to sickness and miasma.
You are immune to poison.
Your flesh is very heat resistant. (rF++)
You are vulnerable to cold. (rC-)
You float through the air rather than walking.
You learn spells naturally, not from books.
Your magical power is your life essence.
You have superior vitality. (+4 MHP)


Message History

Confirm with . or Enter, or press ? or * to list all spells.
Flames lash the gnoll.
The gnoll is almost dead.
The gnoll's fire resistance burns away.
* * * LOW HITPOINT WARNING * * *
You hear a shout! x2
A gnoll comes into view. It is wielding a +0 halberd.
The adder bites you but does no damage.
Casting: Scorch (safe; 1% risk of failure)
Confirm with . or Enter, or press ? or * to list all spells.
Casting: Flame Wave (dangerous; 5% risk of failure)
Press: ? - help, Dir - look around, f - activate A wave of flame ripples out!
The flame wave engulfs the adder!
You kill the adder! (Press . to intensify the flame waves.)
* * * LOW HITPOINT WARNING * * *
You hear a shout!
You hear an angry growl.
A gnoll sergeant comes into view. It is wielding a +2 spear of flaming.
A wave of flame ripples out!
The flame wave engulfs the gnoll.
The gnoll is burned terribly!
You kill the gnoll!
* * * LOW HITPOINT WARNING * * *
A gnoll comes into view. It is wielding a +0 club.
A wave of flame ripples out!
The flame wave engulfs the gnoll sergeant.
The gnoll sergeant is lightly wounded.
* * * LOW HITPOINT WARNING * * *
You finish channelling waves of flame.
The gnoll sergeant misses you.
A gnoll comes into view. It is wielding a +0 club.
Casting: Flame Wave (dangerous; 5% risk of failure)
Confirm with . or Enter, or press ? or * to list all spells.
Casting: Flame Wave (dangerous; 5% risk of failure)
Press: ? - help, Dir - look around, f - activate A wave of flame ripples out! (Press . to intensify the flame waves.)
* * * LOW HITPOINT WARNING * * *
The gnoll sergeant misses you.
Without enough magic to sustain them, the waves of flame dissipate.
The gnoll sergeant hits you from afar with a +2 spear of flaming.
You die...

..........#
..........#
..h.......#
..........#
#.....h...#
#....)....##
#..........#
#...###+##.####
... #..)@.#
.......##.#
.....?## g#
....... g#
......> g#
....... ..
####### .. .#
#.#.##


You could see a black bear, a gnoll sergeant and 2 gnolls.

Vanquished Creatures
  Grinder (D:4)
  Menkaure (D:4)
  An orc warrior (D:7)
  A black bear (D:5)
  2 ogres (D:4)
  A centaur (D:5)
  A phantom (D:4)
  Blork the orc (D:4)
  A scorpion (D:4)
  An orc priest (D:7)
  A hound (D:5)
  An iguana (D:4)
  4 orc wizards (D:7)
  A gnoll (D:6)
  15 adders
  A river rat (Sewer)
  2 worms
  2 dart slugs
  5 orcs
  11 ball pythons
  17 bats
  11 endoplasms
  7 giant cockroaches
  11 goblins
  3 hobgoblins
  4 jackals
  4 quokkas (Sewer)
  4 frilled lizards
  10 kobolds
  4 rats
129 creatures vanquished.

Vanquished Creatures (collateral kills)
  A howler monkey (D:5)
  An adder (Sewer)
2 creatures vanquished.

Vanquished Creatures (others)
  207 foxfires
207 creatures vanquished.

Grand Total: 338 creatures vanquished

Notes
Turn   | Place    | Note
-------+----------+-------------------------------------------
     0 | D:1      | snetch the Djinni Fire Elementalist began the quest for the
                  | Orb.
     0 | D:1      | snetch set off with the following spells memorised:
                  | Foxfire, Scorch, Conjure Flame, Inner Flame, Flame Wave.
     0 | D:1      | Reached XP level 1. HP: 15/15 MP: 0/0
    73 | D:3      | Identified the ring "Ugeveg" {Contam rF+ Str+3 Slay+3
                  | Stlth+}
    79 | D:3      | Identified the +1 helmet of Xoutes {rN+}
    94 | D:2      | Reached XP level 2. HP: 13/21 MP: 0/0
   213 | D:2      | Reached skill level 3 in Spellcasting
   213 | D:2      | Reached XP level 3. HP: 8/25 MP: 0/0
   213 | D:2      | Learned a level 1 spell: Shock
  1306 | D:2      | Reached XP level 4. HP: 29/31 MP: 0/0
  1989 | D:2      | You are sucked into a shaft and drop 2 floors!
  2004 | D:4      | Noticed an ogre
  2011 | D:4      | Killed an ogre
  2012 | D:4      | Reached skill level 4 in Spellcasting
  2012 | D:4      | Reached XP level 5. HP: 29/35 MP: 0/0
  2012 | D:4      | Learned a level 2 spell: Call Imp
  2068 | D:4      | Noticed a phantom
  2074 | D:4      | Killed a phantom
  2075 | D:4      | Reached XP level 6. HP: 31/40 MP: 0/0
  2123 | D:5      | Entered Level 5 of the Dungeon
  2128 | D:5      | Found a broken altar of Ashenzari.
  2136 | D:5      | Became a worshipper of Ashenzari the Shackled
  2467 | D:5      | Noticed a black bear
  2475 | D:5      | Reached skill level 1 in Armour
  2475 | D:5      | Reached skill level 5 in Spellcasting
  2475 | D:5      | Reached XP level 7. HP: 27/46 MP: 0/0
  2475 | D:5      | Learned a level 3 spell: Spider Form
  2477 | D:5      | Reached skill level 1 in Fighting
  2484 | D:5      | Found a glowing drain.
  2493 | Sewer    | Entered a sewer
  3034 | Sewer    | Reached skill level 1 in Short Blades
  3553 | D:4      | Found an opulent altar of Gozag.
  4343 | D:4      | Noticed Grinder
  4351 | D:4      | Killed Grinder
  4352 | D:4      | Reached skill level 6 in Spellcasting
  4352 | D:4      | Reached XP level 8. HP: 25/52 MP: 0/0
  4748 | D:4      | Noticed Menkaure
  4753 | D:4      | Killed Menkaure
  4931 | D:4      | Noticed Blork the orc
  4938 | D:4      | Killed Blork the orc
  5393 | D:4      | Reached * piety under Ashenzari
  5462 | D:5      | Found a stormy altar of Qazlal.
  5504 | D:7      | Reached skill level 7 in Spellcasting
  5536 | D:7      | Reached XP level 9. HP: 24/57 MP: 0/0
  5536 | D:7      | Learned a level 4 spell: Animate Armour
  5553 | D:6      | Identified the +1 leather armour of Pathos {Rampage rC- rN+
                  | Stlth+}
  5571 | D:6      | Slain by a gnoll sergeant

Illustrated notes

Levels and vault maps discovered:
D:1:      minmay_arrival_stair_chambers, layout_rooms, nicolae_titane
D:2:      layout_basic
D:3:      layout_basic, minmay_misc_feat_four_crosses
D:4:      layout_gridville, mainiacjoe_overflow_boulevard,
          chequers_serial_rivers_room_b, minmay_stone_trees_small,
          uniq_blork_the_orc, uniq_menkaure, uniq_grinder
D:5:      layout_loops_ring, nicolae_qazlal_general_emergency, tso_metal_star,
          mainiacjoe_overflow_surrounded_room, nicolae_sif_muna_little_library,
          portal_sewer_entry_d, chequers_serial_rivers_small_b,
          serial_park_tiny_1
D:6:      layout_basic, mainiacjoe_overflow_tiny_flanked,
          minmay_temple_entry_enclosed_plants
D:7:      minmay_flawed_box, layout_loops_cross, serial_shops,
          nicolae_shop_crystal, enter_bailey_2, minmay_the_grid_2x2
          [minmay_the_grid_expand, minmay_the_grid_medium_cups,
          minmay_the_grid_embedded, minmay_the_grid_prize_trominoes]

Skill      XL: |  1  2  3  4  5  6  7  8 |
---------------+-------------------------+-----
Spellcasting   | 3 4 5 6 7 |  7.3
Stealth        | 2 3 |  3.2
Armour         | 1 2 3 |  3.1
Fighting       | 1 |  1.2
Short Blades   | 1 |  1.0
Dodging        | |  2.9
Shields        | |  0.3

Action                   |  1- 3 |  4- 6 |  7- 9 || total
-------------------------+-------+-------+-------++-------
Melee: Short sword       |     2 |       |       ||     2
       Dagger            |     6 |     2 |     8 ||    16
       Unarmed           |       |       |     4 ||     4
 Cast: Foxfire           |    49 |    13 |    61 ||   123
       Scorch            |       |    19 |    74 ||    93
       Call Imp          |       |     3 |     1 ||     4
       Spider Form       |       |       |     1 ||     1
       Flame Wave        |       |       |     4 ||     4
Invok: Curse Item        |       |       |     2 ||     2
 Stab: Sleeping          |       |     1 |     2 ||     3
Armor: Robe              |     4 |       |     6 ||    10
       Leather armour    |     1 |     5 |    13 ||    19
       Ring mail         |       |       |     3 ||     3
Dodge: Dodged            |     8 |    12 |    23 ||    43
Block: Buckler           |       |       |     7 ||     7

Table legend: (Time is in decaauts)
 A = Elapsed time spent in this place.
 B = Non-inter-level travel time spent in this place.
 C = Inter-level travel time spent in this place.
 D = Time resting spent in this place.
 E = Time spent auto-exploring this place.
 F = Levels seen in this place.
 G = Mean time per level.
                   A        B        C        D        E       F      G
               +--------+--------+--------+--------+--------+-----+--------+
         Total |   5571 |   5377 |    194 |    154 |   3613 |   8 |  696.4 |
       Dungeon |   4577 |   4383 |    194 |    154 |   2913 |   7 |  653.9 |
         Sewer |    994 |    994 |      0 |      0 |    700 |   1 |  994.0 |
               +--------+--------+--------+--------+--------+-----+--------+

Top non-repeatable levels by time:
     D:2: 1406 daAuts
     D:4: 1137 daAuts
   Sewer: 994 daAuts
     D:1: 782 daAuts
     D:3: 696 daAuts
     D:5: 475 daAuts
     D:7: 56 daAuts
     D:6: 21 daAuts
